 Dungeon Crawl Stone Soup version 0.26.0-20-g3ca415f5b8 (webtiles) character file.

Game seed: 10367242178001964827

2449 EnegeticOcto the Cleaver (level 9, -6/76 HPs)
             Began as a Deep Dwarf Fighter on Jan 24, 2021.
             Was a Follower of Ru.
             Mangled by a death yak (11 damage)
             ... on level 9 of the Dungeon.
             The game lasted 00:07:34 (1281 turns).

EnegeticOcto the Cleaver (Deep Dwarf Fighter)       Turns: 1281, Time: 00:07:35

Health: -6/76      AC: 13    Str: 23    XL:     9   Next: 25%
Magic:  0/8        EV:  5    Int:  9    God:    Ru [*.....]
Gold:   215        SH: 10    Dex: 12    Spells: 14/14 levels left

rFire    . . .     SeeInvis .   a - +1 war axe
rCold    . . .     Faith    .   c - +0 kite shield
rNeg     . . .     Spirit   +   e - +0 chain mail
rPois    .         Reflect  .   (no helmet)
rElec    .         Harm     .   (no cloak)
rCorr    +         Rampage  .   (no gloves)
Will     +....                  (no boots)
Stlth    ..........             l - amulet of guardian spirit (curse)
HPRegen  0.00/turn              g - +4 ring of protection
MPRegen  0.11/turn              o - ring of resist corrosion

@: mighty, no potions, non-regenerating
A: damage resistance, heal wounds, sense surroundings 2, inability to drink
while threatened, no regeneration
a: Heal Wounds, Renounce Religion


You were on level 9 of the Dungeon.
You worshipped Ru.
Ru was aware of your devotion.
You visited 2 branches of the dungeon, and saw 10 of its levels.

You collected 215 gold pieces.

Inventory:

Hand Weapons
 a - a +1 war axe (weapon)
Armour
 b - a +0 scale mail
 c - a +0 kite shield (worn)
 e - a +0 chain mail (worn)
   (You took it off an orc on level 3 of the Dungeon)
Jewellery
 g - a +4 ring of protection (left hand)
   (You found it on level 4 of the Dungeon)
 l - a cursed amulet of guardian spirit (around neck)
   (You found it on level 7 of the Dungeon)
 o - a ring of resist corrosion (right hand)
   (You found it on level 5 of the Dungeon)
 q - an uncursed amulet of reflection {unknown}
   (You found it on level 5 of the Dungeon)
Wands
 j - a wand of polymorph (6)
   (You took it off Eustachio on level 5 of the Dungeon)
 m - a wand of enslavement (6)
   (You found it on level 6 of the Dungeon)
Scrolls
 r - a scroll of teleportation {unknown}
 t - 2 scrolls of enchant weapon
Potions
 f - a potion of flight {unknown}
 h - 2 potions of lignification {unknown}
 i - 2 potions of haste {unknown}
 k - a potion of cancellation {unknown}
 n - a potion of degeneration {unknown}
 p - 2 potions of berserk rage {unknown}
 s - a potion of curing {unknown}
 u - a potion of heal wounds {unknown}


   Skills:
 + Level 3.4 Fighting
 * Level 11.6 Axes
 - Level 3.2 Armour
 + Level 4.1 Shields
 - Level 3.0 Spellcasting
 - Level 5.0 Evocations


You had 14 spell levels left.
You didn't know any spells.
Your spell library was empty.

Dungeon Overview and Level Annotations

Branches:
Dungeon (9/15)             Temple (1/1) D:4            Lair (0/6) D:9
    Orc: D:9-12

Altars:
Dithmenos
Elyvilon
Fedhas
Hepliaklqana
Kikubaaqudgha
Okawaru
Qazlal
Ru
Sif Muna
Trog
Vehumet
Xom
Yredelemnul
The Shining One

Shops:
D:6 =

Annotations:
D:4 3 runed translucent doors, flt's ghost, weakling DrDe


Innate Abilities, Weirdness & Mutations

You are resistant to damage.
You can heal yourself by infusing magical energy.
You passively map the area around you.
You cannot drink potions while threatened.
You do not regenerate.


Message History

You slash the troll!
The troll is moderately wounded.
You slash the water moccasin skeleton! The troll bites you.
The troll claws you. You block the troll's attack.
You block the water moccasin skeleton's attack.
You slash the troll!
The troll is severely wounded.
You hit the water moccasin skeleton.
The water moccasin skeleton bites you but does no damage.
You block the troll's attack. The troll claws you but does no damage.
The troll claws you.
You feel threatened and lose the ability to drink potions!
You block the water moccasin skeleton's attack.
You slash the troll!
The troll is almost dead.
You completely miss the water moccasin skeleton.
The troll bites you!
The troll claws you but does no damage. x2
The water moccasin skeleton bites you but does no damage.
The troll bites you but does no damage. The troll claws you but does no damage.
The troll claws you!
You closely miss the troll.
The troll is almost dead.
You hit the water moccasin skeleton.
The water moccasin skeleton is stunned by your conviction and fails to attack.
You slash the troll!
You kill the troll!
The troll leather armour is intact enough to wear.
Your chain mail prevents you from hitting the water moccasin skeleton.
You block the water moccasin skeleton's attack.
The water moccasin skeleton bites you but does no damage.
You feel your dexterity returning.
Your Shields skill increases to level 4!
Your magical essence is drained by the effort!
You feel much better.
You block the water moccasin skeleton's attack.
You slash the water moccasin skeleton!
You destroy the water moccasin skeleton!
You can drink potions again.
A river rat comes into view.
Found a scroll of enchant weapon.
You see here 18 gold pieces.
You now have 215 gold pieces (gained 18).
You hit the river rat but do no damage. The river rat barely misses you.
You hit the river rat.
The river rat is heavily wounded.
The river rat bites you but does no damage.
You slice the river rat!!
You kill the river rat!
A death yak comes into view.
The death yak bellows!
You hear a bellow! x2
A rat comes into view.
Found a staircase to the Lair. 2 death yaks come into view.
The death yak bellows! x2; You hear an angry hiss.
You block the death yak's attack.
You see here a scroll of enchant weapon.
You hit the death yak but do no damage. The death yak gores you!
You feel threatened and lose the ability to drink potions!
You cannot drink potions in your current state!
Drop what? 21/52 slots (_ for help) (? for menu, Esc to quit)
Okay, then.
t - 2 scrolls of enchant weapon (gained 1)
You block the rat's attack. The death yak gores you! The rat bites you.
You slash the rat!
You kill the rat!
Your magical essence is drained by the effort!
You feel much better. The death yak gores you.
You can drink potions again.
Really quaff
d - a potion of might {@q3 !q}?
You feel very mighty all of a sudden. The death yak gores you!!
You feel threatened and lose the ability to drink potions!
You slice the death yak!!
The death yak is moderately wounded.
The death yak gores you but does no damage.
You slice the death yak!!
The death yak is heavily wounded.
An adder comes into view.
The adder hisses angrily.
You slash the death yak!
The death yak is lightly wounded.
You hit the death yak.
The death yak gores you but does no damage.
The death yak snorts and paws the ground.
The death yak gores you.
You slash the death yak!
The death yak is moderately wounded.
You slash the death yak! You block the death yak's attack.
You hit the death yak but do no damage.
The death yak is moderately wounded.
You hit the death yak. The death yak gores you!!
* * * LOW HITPOINT WARNING * * *
The death yak gores you!!
* * * LOW HITPOINT WARNING * * *
You barely miss the death yak.
The death yak is moderately wounded.
You slash the death yak! You block the death yak's attack.
The death yak gores you!
You die...

...#...#.#.......# ,, ,
...#...#.#...#####.. , ,
...#...#.#####..... ,
...#...#........... , , *
...#...+..........# * , *
...#...#..........# ,, .#
...#...#..........# * ###..
...###'#..........# ......
.......(........@Y# ......
........>.#######Y# *#......
..........#.....#Y########.......
..........#.....#.S..Y...........
..........#.....#.............>..
..........'.<...#.....###........
..........'.....#.....# #....#.#.
..........#######.....# ##......
.....................# ......#


You could see 3 death yaks and an adder.

Vanquished Creatures
  2 trolls (D:9)
  Eustachio (D:5)
  A water moccasin (D:8)
  A black bear (D:9)
  A phantom (D:9)
  3 ogres
  A centaur (D:6)
  A bullfrog (D:3)
  A water moccasin skeleton (D:9)
  5 killer bees (D:7)
  A howler monkey (D:6)
  5 wights (D:9)
  A quasit (D:8)
  4 hounds
  A jelly (D:6)
  A bullfrog zombie (D:7)
  An orc priest (D:6)
  A gnoll shaman (D:7)
  2 orc wizards
  3 iguanas
  3 worker ants
  8 gnolls (D:7)
  9 adders
  A river rat (D:9)
  A shadow imp (D:5)
  2 white imps
  An adder skeleton (D:7)
  A worm (D:3)
  A dart slug (D:2)
  2 leopard geckos
  15 orcs
  A bat (D:2)
  A giant cockroach (D:7)
  A goblin (D:3)
  3 kobolds
  A quokka (D:2)
  A ball python (D:3)
  A giant cockroach zombie (D:5)
  3 rats
93 creatures vanquished.

Notes
Turn   | Place    | Note
-------+----------+-------------------------------------------
     0 | D:1      | EnegeticOcto the Deep Dwarf Fighter began the quest for the
                  | Orb.
     0 | D:1      | Reached XP level 1. HP: 20/20 MP: 1/1
    19 | D:2      | Reached skill level 3 in Axes
    19 | D:2      | Reached XP level 2. HP: 27/27 MP: 2/2
    33 | D:3      | Reached XP level 3. HP: 31/33 MP: 3/3
    35 | D:3      | Reached skill level 4 in Axes
    84 | D:4      | Found a staircase to the Ecumenical Temple.
    89 | Temple   | Entered the Ecumenical Temple
   158 | Temple   | Became a worshipper of Ru the Awakened
   207 | D:3      | Noticed a bullfrog
   213 | D:3      | Killed a bullfrog
   214 | D:3      | Reached skill level 5 in Axes
   214 | D:3      | Reached XP level 4. HP: 25/40 MP: 4/4
   250 | D:4      | Found a runed translucent gate.
   251 | D:4      | Found a runed translucent gate.
   251 | D:4      | Found a runed translucent gate.
   251 | D:4      | Noticed flt's ghost (weakling DrDe)
   258 | D:5      | Entered Level 5 of the Dungeon
   262 | D:5      | Reached XP level 5. HP: 29/45 MP: 5/5
   262 | D:5      | Noticed Eustachio
   269 | D:5      | Reached skill level 6 in Axes
   275 | D:5      | Killed Eustachio
   276 | D:5      | Reached skill level 7 in Axes
   276 | D:5      | Reached XP level 6. HP: 23/55 MP: 6/6
   348 | D:5      | Found Beek Cast's Antique Armour Boutique.
   435 | D:6      | Found Nafing's Jewellery Emporium.
   442 | D:6      | You fall into a shaft and drop 1 floor!
   488 | D:6      | Reached skill level 1 in Spellcasting
   549 | D:6      | Reached skill level 1 in Evocations
   562 | D:5      | Reached skill level 8 in Axes
   562 | D:5      | Reached XP level 7. HP: 46/61 MP: 0/9
   666 | D:5      | Your magical essence is drained by the effort!
   672 | D:5      | Reached skill level 2 in Evocations
   722 | D:6      | Gained mutation: You cannot drink potions while threatened.
                  | [Ru sacrifice]
   722 | D:6      | Reached * piety under Ru
   748 | D:6      | Reached skill level 2 in Spellcasting
   766 | D:6      | Reached skill level 3 in Evocations
   777 | D:6      | Reached skill level 9 in Axes
   852 | D:7      | Reached XP level 8. HP: 52/68 MP: 0/10
   905 | D:7      | Reached skill level 4 in Evocations
   906 | D:7      | Reached skill level 3 in Spellcasting
   982 | D:8      | Your magical essence is drained by the effort!
   989 | D:8      | Reached skill level 10 in Axes
   989 | D:8      | Reached skill level 5 in Evocations
   989 | D:8      | Noticed a two-headed ogre
  1129 | D:9      | Reached skill level 11 in Axes
  1150 | D:9      | Noticed a troll
  1203 | D:9      | Killed a troll
  1204 | D:9      | Reached skill level 3 in Fighting
  1204 | D:9      | Gained mutation: You passively map the area around you.
                  | [Deep Dwarf growth]
  1204 | D:9      | Reached XP level 9. HP: 49/75 MP: 0/11
  1223 | D:9      | Noticed a troll
  1230 | D:9      | Your magical essence is drained by the effort!
  1237 | D:9      | Killed a troll
  1238 | D:9      | Reached skill level 4 in Shields
  1238 | D:9      | Your magical essence is drained by the effort!
  1258 | D:9      | Found a staircase to the Lair.
  1258 | D:9      | Noticed a death yak
  1259 | D:9      | Noticed a death yak
  1259 | D:9      | Noticed a death yak
  1273 | D:9      | Your magical essence is drained by the effort!
  1281 | D:9      | Mangled by a death yak

Illustrated notes

Levels and vault maps discovered:
D:1:      lightli_molten_gateway, layout_rooms
D:2:      layout_rooms, lemuel_coloured_pillars_altar, uniq_natasha
D:3:      layout_rooms, tso_metal_star
D:4:      layout_rooms, lemuel_round_altar, marbit_many_paths,
          old_standard_altar, minmay_temple_entry_wispy,
          serial_co_window_serial, co_window_corner_a, co_window_paths_b,
          co_window_paths_b, co_window_paths_a, co_window_paths_b,
          co_window_corner_b, co_window_corner_ca, co_window_cross_4,
          co_window_corner_cb, co_window_sun, glass_columns_c,
          gammafunk_ghost_necromancy
D:5:      minmay_diamond_boxcup, layout_basic, serial_shops, nicolae_shop_stone,
          uniq_eustachio
D:6:      layout_rooms, zin_statuary, serial_shops, kennysheep_mini_moat,
          grunt_potential, uniq_sigmund
D:7:      layout_basic
D:8:      layout_loops_cross, nemelex_xobeh_ov_fountains_minmay, uniq_maurice,
          uniq_erica
D:9:      layout_irregular_city, nicolae_overflow_hidden_temple,
          ashenzari_conservatory_becter, dpeg_lair_monsters
Temple:   jpeg_temple_clearing

Skill      XL: |  1  2  3  4  5  6  7  8  9 |
---------------+----------------------------+-----
Axes           | 3 5 7 8 9 11 | 11.6
Spellcasting   | 1 2 3 |  3.0
Evocations     | 1 3 5 |  5.0
Fighting       | 3 |  3.4
Shields        | 4 |  4.1
Armour         | |  3.2

Action                   |  1- 3 |  4- 6 |  7- 9 || total
-------------------------+-------+-------+-------++-------
Melee: War axe           |    34 |    56 |   206 ||   296
       Unarmed           |       |     9 |       ||     9
Invok: Sacrifice Drink   |       |       |     1 ||     1
 Abil: Heal Wounds       |       |     2 |    11 ||    13
  Use: Scroll            |       |       |     3 ||     3
       Potion            |       |       |     1 ||     1
Armor: Scale mail        |    30 |       |       ||    30
       Chain mail        |    10 |    30 |   227 ||   267
       Skin              |       |     1 |       ||     1
Dodge: Dodged            |    22 |    19 |    70 ||   111
Block: Kite shield       |    36 |    34 |   178 ||   248
